| TOP OF THE 1ST |
|
Peoria Chiefs batting - Pitching for Greensboro Grasshoppers : RHP Adam Brown
|
|
Pitching: RHP Adam Brown
|
|
|
Batting: RHB Fortunato Fteira
|
0-0: TRIPLE (Line Drive, 89XD, EV 108.1 MPH)
|
|
Batting: RHB Victor Moya
|
0-0: Ball 1-0: Called Strike 1-1: Ball 2-1: Foul Ball, location: 2F 2-2: Fly out, F7 (Flyball, 7, EV 85.6 MPH) Runner from 3rd tags up, SCORES, no throw by LF
|
|
Batting: LHB Billy Guzman
|
0-0: Called Strike 0-1: Foul Ball, location: 2F 0-2: Foul Ball, location: 2F 0-2: Ball 1-2: Fly out, F7 (Flyball, 7D, EV 108.8 MPH)
|
|
Batting: RHB Joe Alley
|
0-0: Ball 1-0: Foul Ball, location: 2F 1-1: SINGLE (Line Drive, 4M, EV 104.4 MPH)
|
|
Batting: LHB Ken Compton
|
0-0: SINGLE (Groundball, 34S, EV 68.1 MPH) (infield hit) Joe Alley to second
|
|
Batting: RHB Tim Cleary
|
0-0: Called Strike 0-1: Ball 1-1: SINGLE (Line Drive, 8LS, EV 88.8 MPH) Joe Alley to third Ken Compton to second Runner from 3rd tries for Home, throw by CF and OUT! 8-2
|
| Top of the 1st over - 1 run, 4 hits, 0 errors, 2 left on base; Peoria 1 - Greensboro 0 |
| BOTTOM OF THE 1ST |
|
Greensboro Grasshoppers batting - Pitching for Peoria Chiefs : LHP Brian Rhyne
|
|
Pitching: LHP Brian Rhyne
|
|
|
Batting: RHB Harrie de Kam
|
0-0: Fly out, F7 (Flyball, 7S, EV 93.8 MPH)
|
|
Batting: LHB Angelo Estrella
|
0-0: Called Strike 0-1: Ball 1-1: Fly out, F7 (Flyball, 78D, EV 95.6 MPH)
|
|
Pitching: RHP Andrew Ray
|
|
|
Batting: RHB Miguel Velasco
|
0-0: Ball 1-0: Swinging Strike 1-1: Called Strike 1-2: Foul Ball, location: 2F 1-2: Strikes out looking
|
| Bottom of the 1st over - 0 runs, 0 hits, 0 errors, 0 left on base; Peoria 1 - Greensboro 0 |
| TOP OF THE 2ND |
|
Peoria Chiefs batting - Pitching for Greensboro Grasshoppers : RHP Adam Brown
|
|
Batting: RHB Richard Riggs
|
0-0: Ground out 4-3 (Groundball, 34, EV 90.0 MPH)
|
|
Batting: RHB Vic Nelson
|
0-0: Ball 1-0: Ground out 6-3 (Groundball, 6, EV 85.0 MPH)
|
|
Batting: SHB Hank Arias
|
0-0: Called Strike 0-1: Ball 1-1: Ball 2-1: Called Strike 2-2: Strikes out swinging
|
| Top of the 2nd over - 0 runs, 0 hits, 0 errors, 0 left on base; Peoria 1 - Greensboro 0 |
| BOTTOM OF THE 2ND |
|
Greensboro Grasshoppers batting - Pitching for Peoria Chiefs : RHP Andrew Ray
|
|
Batting: RHB Andy Kelly
|
0-0: Ground out 6-3 (Groundball, 6, EV 88.1 MPH)
|
|
Batting: RHB Jeremy Dennis
|
0-0: Ball 1-0: Called Strike 1-1: Ball 2-1: Ball 3-1: Called Strike 3-2: Strikes out swinging
|
|
Batting: LHB Ryan Thompson
|
0-0: Reached via error on a dropped throw from 1B, E1 (Groundball, 34, EV 83.8 MPH)
|
|
Batting: LHB Justin Blakely
|
0-0: Called Strike 0-1: Ball 1-1: Ground out U3 (Groundball, 23, EV 81.2 MPH)
|
| Bottom of the 2nd over - 0 runs, 0 hits, 1 error, 1 left on base; Peoria 1 - Greensboro 0 |
| TOP OF THE 3RD |
|
Peoria Chiefs batting - Pitching for Greensboro Grasshoppers : RHP Adam Brown
|
|
Batting: RHB Fortunato Fteira
|
0-0: Ball 1-0: Ball 2-0: Swinging Strike 2-1: Foul Ball, location: 2F 2-2: Fly out, F4 (Popup, 23, EV 94.4 MPH)
|
|
Batting: RHB Victor Moya
|
0-0: Ball 1-0: Foul Ball, location: 2F 1-1: Fly out, F5 (Popup, 5SF, EV 75.6 MPH)
|
|
Batting: LHB Billy Guzman
|
0-0: Ball 1-0: Ball 2-0: Called Strike 2-1: Foul Ball, location: 2F 2-2: Ball 3-2: Foul Ball, location: 2F 3-2: Base on Balls
|
|
Batting: RHB Joe Alley
|
0-0: Called Strike 0-1: Called Strike 0-2: Ball 1-2: Foul Ball, location: 2F 1-2: Ball Billy Guzman is caught stealing 2nd base 2-4
|
| Top of the 3rd over - 0 runs, 0 hits, 0 errors, 0 left on base; Peoria 1 - Greensboro 0 |
| BOTTOM OF THE 3RD |
|
Greensboro Grasshoppers batting - Pitching for Peoria Chiefs : RHP Andrew Ray
|
|
Batting: RHB Jason Thrash
|
0-0: Ball 1-0: Ball 2-0: Called Strike 2-1: Ball 3-1: SINGLE (Groundball, 6MD, EV 103.1 MPH)
|
|
Batting: RHB Wei-guo Tsu
|
0-0: Called Strike 0-1: Fielders Choice at 2nd, 6-4 (Groundball, 6M, EV 79.4 MPH)
|
|
Batting: RHB Harrie de Kam
|
0-0: Called Strike 0-1: Ball 1-1: Called Strike 1-2: Strikes out swinging
|
|
Pitching: RHP Kohsuke Naito
|
|
|
Batting: LHB Angelo Estrella
|
0-0: 2-RUN HOME RUN (Line Drive, 89XD, EV 116.2 MPH), Distance : 460 ft
|
|
Batting: RHB Miguel Velasco
|
0-0: Ball 1-0: Called Strike 1-1: Swinging Strike 1-2: Foul Ball, location: 2F 1-2: Strikes out swinging
|
| Bottom of the 3rd over - 2 runs, 2 hits, 0 errors, 0 left on base; Peoria 1 - Greensboro 2 |
| TOP OF THE 4TH |
|
Peoria Chiefs batting - Pitching for Greensboro Grasshoppers : RHP Adam Brown
|
|
Batting: RHB Joe Alley
|
0-0: Called Strike 0-1: Called Strike 0-2: Foul Ball, location: 2F 0-2: Ball 1-2: Foul Ball, location: 2F 1-2: Ground out 1-3 (Groundball, 34S, EV 74.4 MPH)
|
|
Batting: LHB Ken Compton
|
0-0: Ball 1-0: Ball 2-0: Swinging Strike 2-1: Ground out U3 (Groundball, 34, EV 93.8 MPH)
|
|
Batting: RHB Tim Cleary
|
0-0: Swinging Strike 0-1: Called Strike 0-2: Foul Ball, location: 2F 0-2: Foul Ball, location: 2F 0-2: Ball 1-2: Ground out 5-3 (Groundball, 5S, EV 83.1 MPH)
|
| Top of the 4th over - 0 runs, 0 hits, 0 errors, 0 left on base; Peoria 1 - Greensboro 2 |
| BOTTOM OF THE 4TH |
|
Greensboro Grasshoppers batting - Pitching for Peoria Chiefs : RHP Kohsuke Naito
|
|
Batting: RHB Andy Kelly
|
0-0: Called Strike 0-1: Called Strike 0-2: Strikes out swinging
|
|
Batting: RHB Jeremy Dennis
|
0-0: Called Strike 0-1: Foul Ball, location: 2F 0-2: Strikes out looking
|
|
Batting: LHB Ryan Thompson
|
0-0: Called Strike 0-1: Foul Ball, location: 2F 0-2: Ground out 5-3 (Groundball, 56, EV 88.1 MPH)
|
| Bottom of the 4th over - 0 runs, 0 hits, 0 errors, 0 left on base; Peoria 1 - Greensboro 2 |
| TOP OF THE 5TH |
|
Peoria Chiefs batting - Pitching for Greensboro Grasshoppers : RHP Adam Brown
|
|
Batting: RHB Richard Riggs
|
0-0: Ball 1-0: Swinging Strike 1-1: Called Strike 1-2: Strikes out swinging
|
|
Batting: RHB Vic Nelson
|
0-0: Ball 1-0: SINGLE (Groundball, 34D, EV 100.0 MPH)
|
|
Batting: SHB Hank Arias
|
0-0: Called Strike 0-1: Ball 1-1: Fielders Choice at 2nd, 4-6 (Groundball, 4, EV 81.9 MPH)
|
|
Batting: RHB Fortunato Fteira
|
0-0: Ball Hank Arias steals 2nd base (no throw) 1-0: Ball 2-0: Ball 3-0: Base on Balls
|
|
Batting: RHB Victor Moya
|
0-0: Called Strike 0-1: Ball 1-1: Ball 2-1: Foul Ball, location: 2F 2-2: Fielders Choice at 2nd, 5-4 (Groundball, 56, EV 88.1 MPH)
|
| Top of the 5th over - 0 runs, 1 hit, 0 errors, 2 left on base; Peoria 1 - Greensboro 2 |
| BOTTOM OF THE 5TH |
|
Greensboro Grasshoppers batting - Pitching for Peoria Chiefs : RHP Kohsuke Naito
|
|
Batting: LHB Justin Blakely
|
0-0: Ground out 2-3 (Groundball, 2L, EV 72.5 MPH)
|
|
Batting: RHB Jason Thrash
|
0-0: Ball 1-0: Foul Ball, location: 2F 1-1: Ball 2-1: Swinging Strike 2-2: Strikes out swinging
|
|
Batting: RHB Wei-guo Tsu
|
0-0: Foul Ball, location: 2F 0-1: Ground out 6-3 (Groundball, 6, EV 86.9 MPH)
|
| Bottom of the 5th over - 0 runs, 0 hits, 0 errors, 0 left on base; Peoria 1 - Greensboro 2 |
| TOP OF THE 6TH |
|
Peoria Chiefs batting - Pitching for Greensboro Grasshoppers : RHP Adam Brown
|
|
Batting: LHB Billy Guzman
|
0-0: Ball 1-0: Swinging Strike 1-1: Called Strike 1-2: Ball 2-2: Ground out 6-3 (Groundball, 6, EV 93.8 MPH)
|
|
Pitching: RHP Matt Alexander
|
|
|
Batting: RHB Joe Alley
|
0-0: Ball 1-0: Ball 2-0: DOUBLE (Flyball, 8LXD, EV 98.1 MPH)
|
|
Batting: LHB Ken Compton
|
0-0: Ball 1-0: Ball 2-0: Called Strike 2-1: Ground out 4-3 (Groundball, 4, EV 84.4 MPH) Joe Alley to third
|
|
Batting: RHB Tim Cleary
|
0-0: Called Strike 0-1: Ball 1-1: Foul Ball, location: 2F 1-2: Ball 2-2: Ground out 5-3 (Groundball, 56, EV 93.8 MPH)
|
| Top of the 6th over - 0 runs, 1 hit, 0 errors, 1 left on base; Peoria 1 - Greensboro 2 |
| BOTTOM OF THE 6TH |
|
Greensboro Grasshoppers batting - Pitching for Peoria Chiefs : RHP Kohsuke Naito
|
|
Batting: RHB Harrie de Kam
|
0-0: Ball 1-0: Foul Ball, location: 2F 1-1: Fly out, F8 (Flyball, 8RD, EV 95.6 MPH)
|
|
Batting: LHB Angelo Estrella
|
0-0: Ground out U3 (Groundball, 34S, EV 77.5 MPH)
|
|
Batting: RHB Miguel Velasco
|
0-0: Ball 1-0: Foul Ball, location: 2F 1-1: Called Strike 1-2: Strikes out swinging
|
| Bottom of the 6th over - 0 runs, 0 hits, 0 errors, 0 left on base; Peoria 1 - Greensboro 2 |
| TOP OF THE 7TH |
|
Peoria Chiefs batting - Pitching for Greensboro Grasshoppers : RHP Matt Alexander
|
|
Pitching: RHP Dan Durand
|
|
|
Batting: RHB Richard Riggs
|
0-0: Ball 1-0: Called Strike 1-1: Foul Ball, location: 2F 1-2: Ball 2-2: SINGLE (Line Drive, 56, EV 101.2 MPH)
|
|
Batting: RHB Vic Nelson
|
0-0: Bunt missed! 0-1: Bunted foul 0-2: Ball 1-2: Ball Richard Riggs steals 2nd base 2-2: Fly out, F7 (Flyball, 7S, EV 84.4 MPH)
|
|
Batting: SHB Hank Arias
|
0-0: Foul Ball, location: 2F 0-1: Ball 1-1: Ball 2-1: SINGLE (Groundball, 4MD, EV 105.0 MPH) Richard Riggs to third Runner from 3rd tries for Home, SAFE, throw by CF to home
|
|
Batting: RHB Fortunato Fteira
|
0-0: Called Strike 0-1: Ball 1-1: Fielders Choice at 2nd, 1-4 (Groundball, P, EV 66.9 MPH)
|
|
Batting: RHB Victor Moya
|
0-0: Foul Ball, location: 2F 0-1: Called Strike Fortunato Fteira steals 2nd base 0-2: Ground out 6-3 (Groundball, 6MS, EV 68.8 MPH)
|
| Top of the 7th over - 1 run, 2 hits, 0 errors, 1 left on base; Peoria 2 - Greensboro 2 |
| BOTTOM OF THE 7TH |
|
Greensboro Grasshoppers batting - Pitching for Peoria Chiefs : RHP Kohsuke Naito
|
|
Pitching: LHP Steve Martin
|
|
|
Batting: RHB Andy Kelly
|
0-0: Called Strike 0-1: Ball 1-1: Ball 2-1: Ball 3-1: Foul Ball, location: 2F 3-2: Foul Ball, location: 2F 3-2: Ground out 5-3 (Groundball, 56, EV 86.9 MPH)
|
|
Batting: RHB Jeremy Dennis
|
0-0: Foul Ball, location: 2F 0-1: Ground out 6-3 (Groundball, 6, EV 91.2 MPH)
|
|
Batting: LHB Ryan Thompson
|
0-0: Ball 1-0: Foul Ball, location: 2F 1-1: Foul Ball, location: 2F 1-2: Ball 2-2: Ball 3-2: Base on Balls
|
|
Batting: LHB Justin Blakely
|
0-0: Ball 1-0: Ball 2-0: Ball 3-0: Called Strike 3-1: Base on Balls Ryan Thompson to second
|
|
Batting: RHB Jason Thrash
|
0-0: Swinging Strike 0-1: Ball 1-1: Ball 2-1: Called Strike 2-2: Strikes out swinging
|
| Bottom of the 7th over - 0 runs, 0 hits, 0 errors, 2 left on base; Peoria 2 - Greensboro 2 |
| TOP OF THE 8TH |
|
Peoria Chiefs batting - Pitching for Greensboro Grasshoppers : RHP Dan Durand
|
|
Pitching: LHP Tyler Murders
|
|
|
Pinch Hitting: RHB John Peterson
|
0-0: Called Strike 0-1: Foul Ball, location: 2F 0-2: Ball 1-2: Fly out, F8 (Flyball, 8RXD, EV 103.8 MPH)
|
|
Batting: RHB Joe Alley
|
0-0: Called Strike 0-1: Called Strike 0-2: Ball 1-2: Foul Ball, location: 2F 1-2: Strikes out swinging
|
|
Pinch Hitting: RHB Pat Scaturro
|
0-0: Ball 1-0: Ball 2-0: Foul Ball, location: 2F 2-1: Ball 3-1: Base on Balls
|
|
Batting: RHB Tim Cleary
|
0-0: SINGLE (Groundball, 56, EV 105.6 MPH) Pat Scaturro to second Runner from 2nd tries for 3rd, SAFE, throw by LF made to third
|
|
Batting: RHB Richard Riggs
|
0-0: Called Strike 0-1: Called Strike 0-2: Foul Ball, location: 2F 0-2: Ball 1-2: Foul Ball, location: 2F 1-2: Strikes out looking
|
| Top of the 8th over - 0 runs, 1 hit, 0 errors, 2 left on base; Peoria 2 - Greensboro 2 |
| BOTTOM OF THE 8TH |
|
Greensboro Grasshoppers batting - Pitching for Peoria Chiefs : LHP Steve Martin
|
|
Pitching: RHP Ray Strehler
|
|
|
Now at 2B: Pat Scaturro
|
|
|
Now at 3B: Richard Riggs
|
|
|
Now at SS: Tim Cleary
|
|
|
Now in RF: Jose Jimenez
|
|
|
Batting: RHB Wei-guo Tsu
|
0-0: Ball 1-0: Ground out 6-3 (Groundball, 56, EV 103.1 MPH)
|
|
Batting: RHB Harrie de Kam
|
0-0: Ball 1-0: Foul Ball, location: 2F 1-1: Called Strike 1-2: DOUBLE (Flyball, 78D, EV 91.9 MPH)
|
|
Batting: LHB Angelo Estrella
|
0-0: Intentional Walk
|
|
Batting: RHB Miguel Velasco
|
0-0: Ball 1-0: Swinging Strike 1-1: Called Strike 1-2: Strikes out swinging
|
|
Batting: RHB Andy Kelly
|
0-0: Called Strike 0-1: Fly out, F3 (Popup, 34, EV 75.6 MPH)
|
| Bottom of the 8th over - 0 runs, 1 hit, 0 errors, 2 left on base; Peoria 2 - Greensboro 2 |
| TOP OF THE 9TH |
|
Peoria Chiefs batting - Pitching for Greensboro Grasshoppers : LHP Tyler Murders
|
|
Pitching: RHP Chris Forster
|
|
|
Batting: RHB Vic Nelson
|
0-0: Ball 1-0: Reached on error, E4 (Groundball, 4M, EV 106.2 MPH)
|
|
Batting: SHB Hank Arias
|
0-0: Bunted foul 0-1: Ball 1-1: Sac Bunt to 5S - play at first, batter OUT! 5-4 Vic Nelson to third
|
|
Batting: RHB Fortunato Fteira
|
0-0: TRIPLE (Line Drive, 8LXD, EV 102.5 MPH) Vic Nelson scores
|
|
Batting: RHB Victor Moya
|
0-0: Intentional Walk
|
|
Batting: RHB Jose Jimenez
|
0-0: Called Strike Victor Moya steals 2nd base 0-1: Ball Passed Ball! Fortunato Fteira scores Victor Moya to third 1-1: 2-RUN HOME RUN (Flyball, 89XD, EV 113.8 MPH), Distance : 440 ft
|
|
Pitching: RHP James Bitner
|
|
|
Batting: RHB Joe Alley
|
0-0: Called Strike 0-1: Ball 1-1: Ball 2-1: Foul Ball, location: 2F 2-2: Foul Ball, location: 2F 2-2: Strikes out looking
|
|
Batting: RHB Pat Scaturro
|
0-0: Called Strike 0-1: Foul Ball, location: 2F 0-2: Ball 1-2: Ball 2-2: SINGLE (Line Drive, 4MD, EV 98.8 MPH)
|
|
Batting: RHB Tim Cleary
|
0-0: DOUBLE (Line Drive, 5D, EV 100.0 MPH) Pat Scaturro to third Runner from 3rd tries for Home, SAFE, no throw by LF
|
|
Batting: RHB Richard Riggs
|
0-0: Ground out 6-3 (Groundball, 6, EV 83.1 MPH)
|
| Top of the 9th over - 5 runs, 4 hits, 1 error, 1 left on base; Peoria 7 - Greensboro 2 |
| BOTTOM OF THE 9TH |
|
Greensboro Grasshoppers batting - Pitching for Peoria Chiefs : RHP Ray Strehler
|
|
Batting: RHB Jeremy Dennis
|
0-0: Ball 1-0: Foul Ball, location: 2F 1-1: Ground out 6-3 (Groundball, 6, EV 100.0 MPH)
|
|
Batting: LHB Ryan Thompson
|
0-0: Called Strike 0-1: Ball 1-1: Foul Ball, location: 2F 1-2: Ball 2-2: Ball 3-2: Strikes out swinging
|
|
Batting: LHB Justin Blakely
|
0-0: Ground out 4-3 (Groundball, 4, EV 81.2 MPH)
|
| Bottom of the 9th over - 0 runs, 0 hits, 0 errors, 0 left on base; Peoria 7 - Greensboro 2 |
|